[Event "Titled Tuesday Blitz May 23 Late 2023"]
[White "coquitovich"]
[Black "Figorito, Nick"]
[BlackFideId "30923689"]
[WhiteElo "2130"]
[BlackElo "2367"]
[Result "1-0"]
[Round "03"]
[TimeControl "180+2"]
[Date "2023.05.23"]
[WhiteClock "0:00:12"]
[BlackClock "0:00:07"]

1. e3 Nf6 2. f4 g6 3. b3 Bg7 4. Bb2 O-O 5. Nf3 c5 6. g3 b6 7. Bg2 Bb7 8. O-O d6 9. d4 cxd4 10. exd4 Nbd7 11. Nbd2 Rc8 12. c4 d5 13. Ne5 Nxe5 14. fxe5 Ne4 15. Nxe4 dxe4 16. Qe2 b5 17. c5 f5 18. Qxb5 Bc6 19. Qa6 Qd7 20. Rfd1 e6 21. Bf1 Rfd8 22. Bc4 Kh8 23. Qa5 Bh6 24. Bc1 Bg7 25. Bg5 Rf8 26. Qd2 Bd5 27. Qe3 a5 28. h4 a4 29. Rac1 axb3 30. axb3 Ra8 31. Rd2 Ra3 32. Rc3 Bxc4 33. bxc4 Ra1+ 34. Kh2 Rb8 35. Rb3 Rba8 36. Bf6 Qf7 37. Bxg7+ Qxg7 38. Rdb2 h6 39. Rb7 Qf8 40. Rd7 R1a2 41. Rxa2 Rxa2+ 42. Kh3 Ra1 43. d5 exd5 44. cxd5 Rh1+ 45. Kg2 Rd1 46. e6 Rd3 47. e7 Qe8 48. Rd8 Rxe3 49. Rxe8+ Kg7 50. Rg8+ Kxg8 51. e8=Q+ Kg7 52. Qe7+ Kh8 53. d6 Rd3 54. d7 e3 55. d8=Q+ Rxd8 56. Qxd8+ Kg7 57. Qe7+ Kh8 58. Qxe3 Kg7 59. Qe7+ Kh8 60. c6 Kg8 61. c7 Kh8 1-0


[Site "https://www.chess.com"]

[Event "Titled Tuesday Blitz May 23 Late 2023"]
[White "Winkels, Marcel"]
[Black "Kohler, Aran"]
[WhiteFideId "1003887"]
[BlackFideId "1002856"]
[WhiteElo "1900"]
[BlackElo "2367"]
[Result "0-1"]
[Round "03"]
[TimeControl "180+2"]
[Date "2023.05.23"]
[WhiteClock "0:00:00"]
[BlackClock "0:00:39"]

1. d4 Nf6 2. Nc3 d5 3. Bf4 a6 4. e3 Bf5 5. Nf3 e6 6. Ne5 c5 7. g4 Bg6 8. h4 cxd4 9. exd4 Bb4 10. h5 Ne4 11. hxg6 fxg6 12. Bd2 Bxc3 13. bxc3 O-O 14. f3 Ng3 15. Rh3 Nxf1 16. Kxf1 Nc6 17. Kg2 Nxe5 18. dxe5 d4 19. c4 Rc8 20. Qe2 b5 21. Rah1 Rxc4 22. Qe4 Qc7 23. Rxh7 d3 24. Rh8+ Kf7 25. Rxf8+ Kxf8 26. Qf4+ Rxf4 27. Bxf4 Qxc2+ 28. Kg3 d2 0-1


[Site "https://www.chess.com"]

[Event "Titled Tuesday Blitz May 23 Late 2023"]
[White "Kaganskiy, Gleb"]
[Black "Osiecki, Stanislaw"]
[WhiteFideId "4132025"]
[BlackFideId "1102990"]
[WhiteElo "2165"]
[BlackElo "2088"]
[Result "1/2-1/2"]
[Round "03"]
[TimeControl "180+2"]
[Date "2023.05.23"]
[WhiteClock "0:00:12"]
[BlackClock "0:00:05"]

1. Nf3 Nf6 2. b3 g6 3. Bb2 Bg7 4. e3 d6 5. Be2 e5 6. d4 e4 7. Nfd2 O-O 8. c4 h5 9. Nc3 Bf5 10. h3 c6 11. g4 hxg4 12. hxg4 Bd7 13. Ndxe4 Nxe4 14. Nxe4 Qe7 15. Qc2 d5 16. Nc5 b6 17. Nxd7 Nxd7 18. O-O-O Nf6 19. Bf3 Ne4 20. Bxe4 dxe4 21. d5 cxd5 22. Rxd5 Rad8 23. Rhd1 Rxd5 24. Rxd5 Bxb2+ 25. Qxb2 Qh4 26. g5 Qh1+ 27. Rd1 Qg2 28. Qf6 Re8 29. Rd7 Qf1+ 30. Kd2 Rf8 31. Rd8 Qb1 32. Rxf8+ Kxf8 33. Qd8+ Kg7 34. Qd4+ Kg8 35. Kc3 Qa1+ 36. Kb4 Qxa2 37. Kb5 Qa5+ 38. Kc6 Qxg5 39. Qxe4 Qf6+ 40. Kb7 Qxf2 41. Kxa7 Qa2+ 42. Kxb6 Qxb3+ 43. Kc5 Qa3+ 44. Kd4 Qb2+ 45. Kd5 Qb7+ 46. Ke5 Qc7+ 47. Kd4 Qa7+ 48. c5 Qa4+ 49. Ke5 Qe8+ 50. Kf4 Qb8+ 51. Qe5 Qb4+ 52. e4 Qd2+ 53. Kf3 Qd3+ 54. Kf2 Qd2+ 55. Kf3 Qd3+ 56. Kg4 Qe2+ 57. Kg5 Qh5+ 58. Kf6 Qh4+ 59. Qg5 Qxe4 60. Qe5 Qh4+ 61. Qg5 Qd4+ 62. Qe5 Qd8+ 63. Qe7 Qd4+ 64. Qe5 Qd8+ 65. Qe7 Qd4+ 66. Qe5 1/2-1/2


[Site "https://www.chess.com"]

[Event "Titled Tuesday Blitz May 23 Late 2023"]
[White "Essa, Naseem Ahmed"]
[Black "Mickiewicz, Piotr"]
[WhiteFideId "14316560"]
[BlackFideId "1114891"]
[WhiteElo "1883"]
[BlackElo "2246"]
[Result "0-1"]
[Round "03"]
[TimeControl "180+2"]
[Date "2023.05.23"]
[WhiteClock "0:00:06"]
[BlackClock "0:00:11"]

1. d4 e6 2. Nf3 Nf6 3. g3 b6 4. Bg2 Bb7 5. c4 Bb4+ 6. Bd2 Bxd2+ 7. Nbxd2 O-O 8. O-O d6 9. b4 a5 10. a3 Nbd7 11. Qb3 Ra7 12. Rfe1 Qa8 13. b5 a4 14. Qb4 Re8 15. Nh4 Bxg2 16. Nxg2 Ne4 17. f3 Nxd2 18. Qxd2 e5 19. d5 e4 20. Ne3 Nc5 21. Rad1 Qd8 22. Qd4 Qg5 23. f4 Qh5 24. Kg2 f5 25. h3 Rf8 26. g4 fxg4 27. hxg4 Qg6 28. Kg3 Rf7 29. Rh1 Ra8 30. Rh5 Raf8 31. Rg5 Qf6 32. Qxf6 Rxf6 33. Nf5 R8f7 34. Rf1 Kf8 35. Nd4 g6 36. Rh1 Rxf4 37. Rxh7 Rxg4+ 38. Kxg4 Rxh7 39. Rxg6 Rf7 40. Ne6+ Ke7 41. Nxc5 bxc5 42. Re6+ Kd7 43. Rxe4 Rf1 44. e3 Rc1 45. Kf5 Rc3 46. Kf6 Rxa3 47. Re7+ Kd8 48. e4 Rf3+ 49. Ke6 Re3 50. Kf6 a3 51. Rh7 a2 52. Rh1 Rxe4 53. Rh8+ Kd7 54. Rh7+ Kc8 55. Rh1 Kb7 56. Ra1 Re2 57. Kf7 Kb6 58. Kf6 Ka5 59. Kf5 Kb4 60. Kf4 Kxc4 61. Kf3 Rb2 62. Rc1+ Kxb5 63. Ra1 c4 0-1


[Site "https://www.chess.com"]

[Event "Titled Tuesday Blitz May 23 Late 2023"]
[White "Gerbelli Neto, Eduardo"]
[Black "Blackwhite017"]
[WhiteFideId "2103281"]
[WhiteElo "2178"]
[BlackElo "2095"]
[Result "1-0"]
[Round "03"]
[TimeControl "180+2"]
[Date "2023.05.23"]
[WhiteClock "0:01:27"]
[BlackClock "0:00:04"]

1. e4 c5 2. Nc3 Nc6 3. f4 g6 4. Nf3 Bg7 5. Bc4 e6 6. f5 Nge7 7. fxe6 fxe6 8. d3 d5 9. Bb3 O-O 10. O-O Nd4 11. Bg5 Nxb3 12. axb3 d4 13. Na4 Qc7 14. Bxe7 Qxe7 15. Nb6 Rb8 16. Rxa7 Bd7 17. Qd2 Bc6 18. Qg5 Bf6 19. Qh6 Rf7 20. Nc4 e5 21. Rfa1 Rbf8 22. Ra8 Bg7 23. Rxf8+ Rxf8 24. Qh4 Qe6 25. Qxh7+ Kxh7 26. Ng5+ Kh6 27. Nxe6 Rf6 28. Nxg7 Kxg7 29. Nxe5 1-0


[Site "https://www.chess.com"]

[Event "Titled Tuesday Blitz May 23 Late 2023"]
[White "Sailer, Mike"]
[Black "Sarkar, Justin"]
[WhiteFideId "2012901"]
[BlackFideId "2010011"]
[WhiteElo "2109"]
[BlackElo "2168"]
[Result "1-0"]
[Round "03"]
[TimeControl "180+2"]
[Date "2023.05.23"]
[WhiteClock "0:00:08"]
[BlackClock "0:00:00"]

1. d4 f5 2. Bg5 c5 3. d5 h6 4. Bh4 g5 5. Bg3 Bg7 6. e3 Bxb2 7. Nd2 Bxa1 8. Qxa1 Nf6 9. Be5 d6 10. Bb2 O-O 11. h4 g4 12. Bd3 Nxd5 13. Ne2 Nb4 14. Nf4 Nxd3+ 15. cxd3 e5 16. Ng6 Re8 17. Nc4 h5 18. Ncxe5 dxe5 19. Nxe5 f4 20. O-O f3 21. g3 Be6 22. Rd1 Nc6 23. d4 Nxe5 24. dxe5 Qe7 25. Rd6 Rad8 26. Qc1 Rxd6 27. exd6 Qh7 28. Qc3 Kf8 29. Qf6+ Qf7 30. Qh8+ Qg8 31. Qf6+ Bf7 32. d7 1-0


[Site "https://www.chess.com"]

[Event "Titled Tuesday Blitz May 23 Late 2023"]
[White "Stead, Kerry"]
[Black "Evdokimov, Alexey"]
[WhiteFideId "3202577"]
[BlackFideId "24162450"]
[WhiteElo "1997"]
[BlackElo "2154"]
[Result "1-0"]
[Round "03"]
[TimeControl "180+2"]
[Date "2023.05.23"]
[WhiteClock "0:01:21"]
[BlackClock "0:00:30"]

1. d4 Nf6 2. f3 g6 3. e4 d6 4. Be3 Nbd7 5. Qd2 c5 6. c3 cxd4 7. cxd4 Bg7 8. Bc4 O-O 9. Ne2 a6 10. a4 Rb8 11. Nbc3 e5 12. O-O Re8 13. Rfd1 Nh5 14. Bg5 Qb6 15. Nd5 Qa7 16. g4 Nhf6 17. Bh6 Nxd5 18. Bxd5 Nf6 19. Bxg7 Kxg7 20. Nc3 Nxd5 21. Nxd5 Be6 22. Ne3 exd4 23. Qxd4+ Qxd4 24. Rxd4 b5 25. b4 Rec8 26. axb5 Rxb5 27. Rxa6 Rc1+ 28. Kg2 Rb1 29. Raxd6 R5xb4 30. Rxb4 Rxb4 31. h4 Rb3 32. Nd5 Rd3 33. Kg3 Bxd5 34. Rxd5 Rxd5 35. exd5 Kf6 36. Kf4 h6 37. g5+ hxg5+ 38. hxg5+ Ke7 39. Ke5 Ke8 40. Kf6 Kf8 41. d6 1-0


[Site "https://www.chess.com"]

[Event "Titled Tuesday Blitz May 23 Late 2023"]
[White "dorpato"]
[Black "Chabris, Christopher"]
[BlackFideId "2005263"]
[WhiteElo "2044"]
[BlackElo "2359"]
[Result "0-1"]
[Round "03"]
[TimeControl "180+2"]
[Date "2023.05.23"]
[WhiteClock "0:00:02"]
[BlackClock "0:00:23"]

1. e4 e5 2. d4 exd4 3. Nf3 Nc6 4. c3 d5 5. exd5 Qxd5 6. cxd4 Bg4 7. Be2 Bb4+ 8. Nc3 Bxf3 9. Bxf3 Qc4 10. Qb3 Qxd4 11. O-O Nge7 12. Re1 O-O 13. Be3 Qh4 14. g3 Qf6 15. Nd5 Qxf3 16. Nxe7+ Bxe7 17. Qc2 Bd6 18. Rad1 Ne5 19. Bd4 Ng6 20. Qe4 Qxe4 21. Rxe4 Rfe8 22. Rde1 Rxe4 23. Rxe4 f6 24. h4 Kf7 25. Bc3 Re8 26. Ra4 a6 27. Rc4 Ne5 28. Bxe5 Bxe5 29. b3 Bd6 30. f4 Re2 31. a4 Rb2 32. Rc3 Ke6 33. Kf1 Kf5 34. Kg1 Kg4 35. Kf1 b6 36. Kg1 Bc5+ 37. Kf1 Rf2+ 38. Ke1 Rf3 0-1


[Site "https://www.chess.com"]

[Event "Titled Tuesday Blitz May 23 Late 2023"]
[White "Alexikov, Alexander"]
[Black "Hartikainen, Jarmo"]
[WhiteFideId "14103958"]
[BlackFideId "503134"]
[WhiteElo "2186"]
[BlackElo "2073"]
[Result "1-0"]
[Round "03"]
[TimeControl "180+2"]
[Date "2023.05.23"]
[WhiteClock "0:00:23"]
[BlackClock "0:00:00"]

1. e4 c5 2. Nf3 Nc6 3. d4 cxd4 4. Nxd4 Nf6 5. Nc3 d6 6. Be2 e5 7. Nf3 h6 8. O-O Be6 9. h3 Be7 10. Be3 d5 11. exd5 Nxd5 12. Nxd5 Bxd5 13. c4 Be6 14. a3 a5 15. Qc2 O-O 16. Rad1 Qc7 17. Qc3 Rfd8 18. Qb3 a4 19. Qc2 Na5 20. Rxd8+ Rxd8 21. Qxa4 e4 22. Nd2 Bf6 23. b4 Nc6 24. Nxe4 Nd4 25. Nxf6+ gxf6 26. Bxd4 Rxd4 27. c5 Kh8 28. Rd1 Rxd1+ 29. Qxd1 b6 30. Qd4 bxc5 31. Qxc5 Qxc5 32. bxc5 Bd7 33. Bf3 Kg7 34. c6 Bc8 35. g4 Kf8 36. Kg2 Ke7 37. Kg3 Kd6 38. Kh4 Kc5 39. Kh5 Kb5 40. Kxh6 Ka4 41. Kg7 Kxa3 42. h4 Kb4 43. h5 1-0


[Site "https://www.chess.com"]

[Event "Titled Tuesday Blitz May 23 Late 2023"]
[White "Levitan, Ronit"]
[Black "Rodriguez Santiago, Jaime"]
[WhiteFideId "2815109"]
[BlackFideId "3100898"]
[WhiteElo "1930"]
[BlackElo "2025"]
[Result "1-0"]
[Round "03"]
[TimeControl "180+2"]
[Date "2023.05.23"]
[WhiteClock "0:00:23"]
[BlackClock "0:00:19"]

1. d4 Nf6 2. Nf3 e6 3. Bf4 d5 4. e3 c5 5. c3 Nc6 6. Nbd2 cxd4 7. exd4 Nh5 8. Bg3 f6 9. Bd3 g6 10. Nh4 Nxg3 11. hxg3 Bg7 12. Qc2 f5 13. Bb5 Bd7 14. Bxc6 Bxc6 15. Nb3 Qe7 16. Qe2 e5 17. dxe5 Qxe5 18. Qxe5+ Bxe5 19. Nf3 Bf6 20. Nbd4 Bd7 21. O-O-O O-O-O 22. Rde1 h6 23. Ne5 Be8 24. f4 g5 25. Kd2 gxf4 26. gxf4 h5 27. Nxf5 Rg8 28. g3 Kb8 29. Re2 a6 30. Reh2 Bb5 31. Rxh5 Bxe5 32. fxe5 Bd7 33. Re1 Bxf5 34. Rxf5 Rxg3 35. e6 Re8 36. e7 Rgg8 37. Rxd5 Rg7 38. Rde5 Kc7 39. Kc2 Kd7 40. Kb3 Rgxe7 41. Rxe7+ Rxe7 42. Rxe7+ Kxe7 43. Kc4 Kd6 44. b4 b5+ 45. Kd4 Ke6 46. c4 Kd6 47. c5+ Kc6 48. a3 a5 49. Ke5 a4 50. Kd4 Kc7 51. Kd5 Kc8 52. Kc6 Kb8 53. Kxb5 Ka8 54. Kxa4 1-0


[Site "https://www.chess.com"]

[Event "Titled Tuesday Blitz May 23 Late 2023"]
[White "StarkyNZ"]
[Black "Dmitriev, Sergey"]
[BlackFideId "14101785"]
[WhiteElo "2343"]
[BlackElo "2132"]
[Result "1-0"]
[Round "03"]
[TimeControl "180+2"]
[Date "2023.05.23"]
[WhiteClock "0:01:13"]
[BlackClock "0:01:17"]

1. d4 d6 2. c4 e6 3. e4 g6 4. Nc3 Bg7 5. Be3 Ne7 6. Qd2 O-O 7. f3 Nd7 8. h4 h5 9. g4 Nf6 10. e5 dxe5 11. dxe5 Qxd2+ 12. Bxd2 Nd7 13. gxh5 gxh5 14. f4 Nf5 15. O-O-O f6 16. exf6 Nxf6 17. Nf3 b6 18. Rg1 Kh8 19. Ne5 Kh7 20. Bd3 Bb7 21. Rg5 Bh6 22. Rg6 Ng4 23. Rxe6 Nf2 24. Re7+ Kh8 25. Ng6+ Kg8 26. Bxf5 Rxf5 27. Rg1 Ng4 28. Rxc7 Bf3 29. Ne7+ 1-0


[Site "https://www.chess.com"]

[Event "Titled Tuesday Blitz May 23 Late 2023"]
[White "Castillo Pena, Patricia Evarista"]
[Black "Shapiro, Daniel"]
[WhiteFideId "6412106"]
[BlackFideId "2001780"]
[WhiteElo "1919"]
[BlackElo "2342"]
[Result "0-1"]
[Round "03"]
[TimeControl "180+2"]
[Date "2023.05.23"]
[WhiteClock "0:00:14"]
[BlackClock "0:00:56"]

1. d4 Nf6 2. Nf3 b6 3. e3 Bb7 4. Bd3 e6 5. b3 g6 6. Bb2 Bg7 7. O-O O-O 8. Nbd2 d6 9. c4 Nbd7 10. Qe2 Qe7 11. Rfe1 e5 12. dxe5 dxe5 13. e4 Nh5 14. g3 Nc5 15. Bc2 Ne6 16. Rad1 Rae8 17. Nf1 c5 18. Ne3 Nd4 19. Nxd4 exd4 20. Nd5 Bxd5 21. cxd5 f5 22. Qc4 Qf7 23. exf5 d3 24. Rxe8 Rxe8 25. Bxg7 dxc2 26. Qxc2 Nxg7 27. d6 Nxf5 28. d7 Rd8 29. Qd3 Nd4 0-1


[Site "https://www.chess.com"]

[Event "Titled Tuesday Blitz May 23 Late 2023"]
[White "Burke, Paul"]
[Black "Bashkansky, Ethan"]
[WhiteFideId "2605767"]
[BlackFideId "2071533"]
[WhiteElo "1891"]
[BlackElo "2342"]
[Result "0-1"]
[Round "03"]
[TimeControl "180+2"]
[Date "2023.05.23"]
[WhiteClock "0:01:47"]
[BlackClock "0:01:58"]

1. e4 c6 2. d4 d5 3. exd5 cxd5 4. c4 Nf6 5. Nc3 Nc6 6. Nf3 Bg4 7. Be2 e6 8. O-O Be7 9. c5 O-O 10. a3 a6 11. b4 Ne4 12. Na4 f5 13. Nb6 Rb8 14. Bf4 Nc3 15. Qd2 Nxe2+ 16. Qxe2 Nxd4 17. Qd3 Nxf3+ 18. gxf3 Bh3 19. Rfe1 Bf6 20. Rad1 e5 21. Bxe5 Bxe5 22. Rxe5 Qg5+ 0-1


[Site "https://www.chess.com"]

[Event "Titled Tuesday Blitz May 23 Late 2023"]
[White "Slavin, Alexey"]
[Black "Vargas, Mauricio"]
[WhiteFideId "24104388"]
[BlackFideId "4404572"]
[WhiteElo "2264"]
[BlackElo "1986"]
[Result "1-0"]
[Round "03"]
[TimeControl "180+2"]
[Date "2023.05.23"]
[WhiteClock "0:02:24"]
[BlackClock "0:01:32"]

1. e4 d5 2. Nc3 dxe4 3. Nxe4 Nf6 4. Nxf6+ exf6 5. Bc4 Bd6 6. Ne2 O-O 7. O-O Re8 8. Ng3 Nd7 9. d4 Nf8 10. c3 c6 11. Qh5 c5 12. Qxf7+ Kh8 13. Qg8# 1-0


[Site "https://www.chess.com"]

[Event "Titled Tuesday Blitz May 23 Late 2023"]
[White "Nakamura, Hikaru"]
[Black "Talibov, Shiroghlan"]
[WhiteFideId "2016192"]
[BlackFideId "13429078"]
[WhiteElo "2885"]
[BlackElo "2188"]
[Result "1/2-1/2"]
[Round "04"]
[TimeControl "180+2"]
[Date "2023.05.23"]
[WhiteClock "0:00:09"]
[BlackClock "0:00:08"]

1. e4 c5 2. c3 Nf6 3. e5 Nd5 4. d4 Nc6 5. dxc5 e6 6. c4 Nc7 7. Be3 Nxe5 8. a3 Be7 9. Bd4 Bf6 10. Nc3 Nc6 11. Bxf6 Qxf6 12. Nf3 O-O 13. Qd2 b6 14. cxb6 axb6 15. Bd3 Bb7 16. Ne4 Qe7 17. Nd6 Rab8 18. O-O g6 19. Nxb7 Rxb7 20. Be4 Ne8 21. Nd4 Rc7 22. Nb5 Rc8 23. b3 f5 24. Bf3 Ne5 25. Qe2 Nxf3+ 26. Qxf3 Nd6 27. Nc3 Rfd8 28. Rfe1 Qf6 29. Rad1 Nf7 30. Na4 Rc6 31. Qe3 f4 32. Qd4 Qg5 33. Nc3 f3 34. g3 Qf5 35. Qe4 Qf6 36. Rd3 d5 37. Qxf3 Qxf3 38. Rxf3 dxc4 39. bxc4 Rxc4 40. Ne4 Kg7 41. Rb3 Rdd4 42. f3 Ne5 43. Ng5 Rd2 44. Nxe6+ Kf6 45. Nf4 Rcc2 46. Rbe3 g5 47. Rxe5 gxf4 48. Rh5 Rg2+ 49. Kh1 fxg3 50. hxg3 Rxg3 51. Rb1 Rxf3 52. Rxb6+ Kg7 53. Rb1 Rf6 54. Rg1+ Rg6 55. Rh2 Rxh2+ 56. Kxh2 Rxg1 57. Kxg1 Kf7 58. a4 Ke7 59. a5 Kd7 60. a6 Kc7 61. a7 Kb7 62. a8=Q+ Kxa8 63. Kg2 h5 64. Kh3 h4 65. Kxh4 1/2-1/2


[Site "https://www.chess.com"]

[Event "Titled Tuesday Blitz May 23 Late 2023"]
[White "Nihal Sarin"]
[Black "Krzyzanowski, Marcin"]
[WhiteFideId "25092340"]
[BlackFideId "1132199"]
[WhiteElo "2689"]
[BlackElo "2471"]
[Result "1-0"]
[Round "04"]
[TimeControl "180+2"]
[Date "2023.05.23"]
[WhiteClock "0:01:49"]
[BlackClock "0:00:00"]

1. Nf3 Nf6 2. Rg1 d5 3. h3 Nc6 4. d4 g6 5. g4 Bg7 6. Bf4 Ne4 7. c3 O-O 8. Nbd2 Nxd2 9. Qxd2 f6 10. O-O-O e5 11. dxe5 fxe5 12. Bg5 Qe8 13. Qxd5+ Be6 14. Qe4 Bxa2 15. Be3 Na5 16. Bg2 Qb5 17. Nd2 Nb3+ 18. Nxb3 Bxb3 19. Qxb7 Qxb7 20. Bxb7 Bxd1 21. Bxa8 Bxe2 22. Bd5+ Kh8 23. Bxa7 Bh6+ 24. g5 Bg7 25. Be3 Rd8 26. Be4 Kg8 27. Kc2 Kf7 28. Ra1 Bf8 29. Ra7 Bd6 30. b3 Bf1 31. c4 Rd7 32. c5 Bf8 33. c6 Re7 34. Bc5 Re8 35. Rxc7+ Ke6 36. Bxf8 Rxf8 37. f3 Bxh3 38. Rxh7 Bf5 39. b4 Kd6 40. b5 Bxe4+ 41. fxe4 Kc5 42. Rb7 Kc4 43. c7 Rf2+ 44. Kd1 Kd3 45. Ke1 Re2+ 46. Kf1 Rc2 47. b6 Ke3 48. Rb8 Rf2+ 49. Kg1 Rc2 50. c8=Q Rxc8 51. Rxc8 1-0


[Site "https://www.chess.com"]

[Event "Titled Tuesday Blitz May 23 Late 2023"]
[White "Caruana, Fabiano"]
[Black "Licznerski, Lukasz"]
[WhiteFideId "2020009"]
[BlackFideId "1179250"]
[WhiteElo "2837"]
[BlackElo "2453"]
[Result "1-0"]
[Round "04"]
[TimeControl "180+2"]
[Date "2023.05.23"]
[WhiteClock "0:00:05"]
[BlackClock "0:00:00"]

1. d4 Nf6 2. Nf3 e6 3. g3 c5 4. Bg2 cxd4 5. O-O Nc6 6. Nxd4 d5 7. c4 Bc5 8. Nb3 Be7 9. cxd5 exd5 10. Nc3 Be6 11. Be3 O-O 12. Rc1 Ne5 13. Bd4 Nc6 14. Bc5 Bxc5 15. Nxc5 Qb6 16. N3a4 Qb5 17. Qd3 Qxd3 18. Nxd3 Rad8 19. Rfd1 Rfe8 20. Nac5 Bc8 21. e3 g5 22. b4 Kg7 23. a4 d4 24. e4 b6 25. Nb3 Be6 26. Nd2 Rc8 27. e5 Nd5 28. Ne4 Nc3 29. Re1 Nxe4 30. Bxe4 Ne7 31. b5 Bb3 32. Ra1 Rc3 33. Nb4 Rec8 34. Nc6 Nxc6 35. Bxc6 d3 36. Re3 Rc7 37. Kf1 Bc2 38. Ke1 Rc4 39. Kd2 Rc5 40. f4 h6 41. f5 Kf8 42. f6 Rc8 43. h4 gxh4 44. gxh4 R8xc6 45. bxc6 Rxc6 46. Rg3 Re6 47. Rag1 Ke8 48. Rg8+ Kd7 49. Rf8 Rxe5 50. Rxf7+ Kd6 51. Rf8 Rf5 52. Rg7 Rf2+ 53. Kc3 Rf5 54. Re7 Rxf6 55. Rxf6+ Kxe7 56. Rxh6 Bxa4 57. Kxd3 Kf7 58. Rh7+ Kg6 59. Rxa7 Bc6 60. Ra1 Kh5 61. Rc1 Bd7 62. Rc7 Bg4 63. Ke3 Kxh4 64. Kf4 Bh5 65. Rb7 Kh3 66. Rh7 Kh4 67. Rh6 b5 68. Rb6 b4 69. Rxb4 Kh3 70. Rb2 Bd1 71. Rd2 Bh5 72. Rf2 Bg4 73. Rf1 Be2 74. Re1 Bc4 75. Rc1 Bb5 76. Rc5 Bd3 77. Rd5 Bf1 78. Rd2 Ba6 79. Rd6 Bb5 80. Kf3 Kh4 81. Kf4 Kh3 82. Rd4 Kg2 83. Rd2+ Kf1 84. Ke3 Kg1 85. Kf3 Bc6+ 86. Kg3 Kf1 87. Kf4 Bb7 88. Ke3 Kg1 89. Rb2 Bc6 90. Rf2 Bd5 91. Rf5 Bc6 92. Rf6 Bb7 93. Ke2 Ba8 94. Rg6+ Kh2 95. Kf2 Kh3 96. Rg8 Bb7 97. Rg7 Bc6 98. Rc7 Bd5 99. Rc5 Ba8 100. Rg5 Bb7 101. Rg7 Bc6 102. Ke3 Bd5 103. Kf4 Kh2 104. Rg5 Bb7 105. Rb5 Ba8 106. Rb2+ Kg1 107. Ra2 Bb7 108. Ra7 Bc6 109. Rf7 Ba8 110. Kg3 Bc6 111. Rc7 Bg2 112. Rc1+ Bf1 113. Ra1 1-0


[Site "https://www.chess.com"]

[Event "Titled Tuesday Blitz May 23 Late 2023"]
[White "Remizov, Yaroslav"]
[Black "Duda, Jan-Krzysztof"]
[WhiteFideId "34134015"]
[BlackFideId "1170546"]
[WhiteElo "2400"]
[BlackElo "2790"]
[Result "1-0"]
[Round "04"]
[TimeControl "180+2"]
[Date "2023.05.23"]
[WhiteClock "0:01:03"]
[BlackClock "0:00:10"]

1. e4 e6 2. d4 d5 3. Nc3 Bb4 4. e5 c5 5. a3 Bxc3+ 6. bxc3 Qa5 7. Bd2 Qa4 8. h4 Ne7 9. h5 h6 10. Qg4 Kf8 11. Rh3 c4 12. Kd1 Nbc6 13. Rf3 Bd7 14. Qf4 Be8 15. g4 b5 16. Bh3 a5 17. g5 hxg5 18. Qxg5 Kg8 19. Rg3 Rh7 20. Qf6 b4 21. Bh6 Ng6 22. Rxg6 fxg6 23. Bxe6+ Bf7 24. Bxf7+ Kh8 25. Bxg7+ 1-0


[Site "https://www.chess.com"]

[Event "Titled Tuesday Blitz May 23 Late 2023"]
[White "Bluebaum, Matthias"]
[Black "Kravtsiv, Martyn"]
[WhiteFideId "24651516"]
[BlackFideId "14113147"]
[WhiteElo "2639"]
[BlackElo "2695"]
[Result "1-0"]
[Round "04"]
[TimeControl "180+2"]
[Date "2023.05.23"]
[WhiteClock "0:02:10"]
[BlackClock "0:00:10"]

1. d4 d5 2. c4 e6 3. Nc3 Nf6 4. cxd5 exd5 5. Bf4 Bd6 6. Bxd6 Qxd6 7. e3 O-O 8. Bd3 b6 9. Nge2 c5 10. Rc1 Bb7 11. b3 Nbd7 12. O-O Rfe8 13. h3 Rac8 14. Nb5 Qb8 15. Ng3 g6 16. Qd2 a6 17. Nc3 cxd4 18. exd4 Ne4 19. Bxe4 dxe4 20. d5 Nf6 21. Rfe1 e3 22. Rxe3 Rxe3 23. Qxe3 Nxd5 24. Nxd5 Rxc1+ 25. Qxc1 Bxd5 26. Qg5 Qb7 27. Nh5 Qc6 28. Qd8+ 1-0


[Site "https://www.chess.com"]

[Event "Titled Tuesday Blitz May 23 Late 2023"]
[White "Bortnyk, Olexandr"]
[Black "Quispe Arteaga, Gabriel"]
[WhiteFideId "14120828"]
[BlackFideId "32059809"]
[WhiteElo "2734"]
[BlackElo "2274"]
[Result "1-0"]
[Round "04"]
[TimeControl "180+2"]
[Date "2023.05.23"]
[WhiteClock "0:01:10"]
[BlackClock "0:00:00"]

1. e4 c5 2. c3 Nf6 3. e5 Nd5 4. d4 cxd4 5. Nf3 Nc6 6. Bc4 e6 7. O-O Nb6 8. Bd3 d6 9. exd6 Bxd6 10. cxd4 h6 11. Nc3 O-O 12. Qe2 Nd5 13. Rd1 Bd7 14. Bd2 Rc8 15. Rac1 a6 16. Bb1 Nce7 17. Ne5 Bxe5 18. dxe5 Ng6 19. Qh5 Nxc3 20. Bxc3 Qe8 21. Bb4 Ba4 22. b3 1-0


[Site "https://www.chess.com"]

[Event "Titled Tuesday Blitz May 23 Late 2023"]
[White "Rostovtsev, Dmitry"]
[Black "Sarana, Alexey"]
[WhiteFideId "34278320"]
[BlackFideId "24133795"]
[WhiteElo "2344"]
[BlackElo "2714"]
[Result "0-1"]
[Round "04"]
[TimeControl "180+2"]
[Date "2023.05.23"]
[WhiteClock "0:00:01"]
[BlackClock "0:00:15"]

1. e4 c5 2. Nf3 d6 3. d4 cxd4 4. Qxd4 Nc6 5. Qd3 Bg4 6. Nc3 Nf6 7. Be2 e6 8. Bf4 Qb6 9. O-O Be7 10. Rfd1 O-O 11. a3 Rfd8 12. h3 Bh5 13. Be3 Qc7 14. Rd2 Rac8 15. Rad1 Bxf3 16. Bxf3 Ne5 17. Qe2 Nc4 18. Nb5 Qa5 19. Nxa7 Nxd2 20. Qxd2 Qxd2 21. Rxd2 Ra8 22. Bb6 Rf8 23. Nb5 Ra6 24. Be3 Nd7 25. Be2 Nf6 26. f3 d5 27. Nc3 Rc6 28. exd5 Nxd5 29. Nxd5 exd5 30. c3 Bc5 31. Kf2 Re8 32. Bxc5 Rxc5 33. Rd4 g6 34. Rb4 Re7 35. Bd3 h5 36. g4 Kg7 37. a4 Kh6 38. f4 f6 39. Rd4 g5 40. f5 h4 41. Bf1 Re5 42. Bg2 Kg7 43. Bf3 Kf8 44. Rb4 Rc4 45. Rxc4 dxc4 46. Bxb7 Ra5 47. Bc6 Ke7 48. Bb5 Kd6 49. Ke3 Kc5 50. Kd2 Ra7 51. Ke3 Re7+ 52. Kf2 Re5 53. Bd7 Rd5 54. Be6 Rd2+ 55. Ke3 Rxb2 56. Bd7 Rh2 57. Ke4 Rxh3 58. a5 Rxc3 59. a6 Ra3 0-1


[Site "https://www.chess.com"]

[Event "Titled Tuesday Blitz May 23 Late 2023"]
[White "Bachmann, Axel"]
[Black "Bortnyk, Mykola"]
[WhiteFideId "3700488"]
[BlackFideId "14120836"]
[WhiteElo "2605"]
[BlackElo "2582"]
[Result "1-0"]
[Round "04"]
[TimeControl "180+2"]
[Date "2023.05.23"]
[WhiteClock "0:00:15"]
[BlackClock "0:00:00"]

1. Nf3 c5 2. c4 Nc6 3. Nc3 Nf6 4. g3 g6 5. Bg2 Bg7 6. O-O e5 7. d3 h6 8. a3 O-O 9. Rb1 a5 10. Ne1 d6 11. Nc2 Bd7 12. b4 axb4 13. axb4 cxb4 14. Nxb4 Nxb4 15. Rxb4 Bc6 16. Nd5 Re8 17. Qb3 Nd7 18. Be3 Qa5 19. Rb1 Kh7 20. h4 f5 21. Kh2 Rf8 22. Rxb7 Bxb7 23. Qxb7 Rad8 24. Qc7 Qxc7 25. Nxc7 f4 26. Bd2 fxg3+ 27. fxg3 Rf2 28. Re1 e4 29. Be3 Rf7 30. Ne6 Re8 31. Nxg7 Kxg7 32. Bxe4 Nf6 33. Bd4 g5 34. hxg5 hxg5 35. Rf1 Rh8+ 36. Kg2 Rh6 37. Bd5 Re7 38. e4 Re8 39. Rf5 Rg6 40. e5 Nxd5 41. cxd5 dxe5 42. Bxe5+ Kg8 43. d6 Rd8 44. Kf3 Rd7 45. Ke4 Rf7 46. g4 Rb7 47. d4 Rf7 48. Kd5 Rh7 49. Kc6 1-0


[Site "https://www.chess.com"]

[Event "Titled Tuesday Blitz May 23 Late 2023"]
[White "Fernandez Guillen, Ernesto J."]
[Black "Sjugirov, Sanan"]
[WhiteFideId "3512428"]
[BlackFideId "4189302"]
[WhiteElo "2429"]
[BlackElo "2569"]
[Result "1-0"]
[Round "04"]
[TimeControl "180+2"]
[Date "2023.05.23"]
[WhiteClock "0:01:04"]
[BlackClock "0:00:00"]

1. e4 c5 2. Nf3 d6 3. d4 cxd4 4. Nxd4 Nf6 5. Nc3 a6 6. Bc4 e6 7. Bb3 Nbd7 8. Bg5 Nc5 9. f4 Be7 10. Qe2 h6 11. Bxf6 Bxf6 12. O-O-O Qc7 13. Rhe1 O-O 14. g4 b5 15. g5 hxg5 16. e5 dxe5 17. fxe5 Be7 18. h4 Bb7 19. Kb1 b4 20. hxg5 bxc3 21. Qh5 Bxg5 22. Qxg5 Ne4 23. Rxe4 Bxe4 24. Rg1 g6 25. Qf4 Qb7 26. Rg3 Rad8 27. bxc3 Bf5 28. Nxf5 exf5 29. Rxg6+ 1-0


[Site "https://www.chess.com"]